 Dungeon Crawl Stone Soup version 0.21.1-1-g345015fe64 (webtiles) character file.

117 KleinerIrrer the Insei (level 5, -7/33 HPs)
             Began as an Octopode Transmuter on Mar 25, 2018.
             Killed by divine providence
             ... invoked by an orc priest
              (13 damage)
             ... on level 3 of the Dungeon.
             The game lasted 00:03:23 (2779 turns).

KleinerIrrer the Insei (Octopode Transmuter)        Turns: 2779, Time: 00:03:24

Health: -7/33      AC:  1    Str: 10    XL:     5   Next: 1%
Magic:  8/8        EV: 14    Int: 15    God:
Gold:   92         SH:  0    Dex: 13    Spells: 5/8 levels left

rFire    . . .     SeeInvis .     - Unarmed
rCold    . . .     Gourm    .   (no shield)
rNeg     . . .     Faith    .   (helmet restricted)
rPois    .         Spirit   .   (no amulet)
rElec    .         Reflect  .   q - +1 ring of evasion
rCorr    .         Harm     .   (no ring)
MR       .....                  (no ring)
Stlth    ++........             (no ring)
HPRegen  0.11/turn              (no ring)
MPRegen  0.11/turn              (no ring)
                                (no ring)
                                (no ring)

@: no status effects
A: almost no armour, stealthy swim, amphibious, 8 rings, constrict 8, camouflage
1, gelatinous body 1
a: no special abilities


You were on level 3 of the Dungeon.
You were not hungry.

You visited 1 branch of the dungeon, and saw 3 of its levels.

You collected 92 gold pieces.

Inventory:

Missiles
 a - 25 arrows
Jewellery
 p - an uncursed ring of ice
 q - a +1 ring of evasion (left tentacle)
Scrolls
 d - 2 scrolls of magic mapping
 e - 2 scrolls of remove curse
 m - a scroll of enchant weapon {unknown}
 s - a scroll of noise {unknown}
Potions
 g - 2 potions of curing
 h - 2 potions of lignification
 i - a potion of flight {unknown}
 k - a potion of magic {unknown}
 l - a potion of agility {unknown}
 n - 2 potions of ambrosia {unknown}
 o - a potion of heal wounds {unknown}
Books
 b - a book of Changes

   Spells                             Type                      Level
   a - Beastly Appendage              Transmutation                1
   b - Sticks to Snakes               Transmutation                2
   c - Spider Form                    Transmutation/Poison         3
   d - Ice Form                       Ice/Transmutation            4
   e - Blade Hands                    Transmutation                5
 j - a book of Cantrips

   Spells                             Type                      Level
   a - Confusing Touch                Hexes                        1
   b - Animate Skeleton               Necromancy                   1
   c - Summon Small Mammal            Summoning                    1
   d - Apportation                    Translocation                1
Comestibles
 c - a ration


   Skills:
 - Level 1.0 Fighting
 - Level 2.0 Dodging
 + Level 5.5 Unarmed Combat
 - Level 2.0 Spellcasting
 - Level 2.0 Transmutations


You had 5 spell levels left.
You knew the following spells:

 Your Spells              Type           Power        Failure   Level  Hunger
a - Beastly Appendage     Tmut           #.....       10%         1    #......
b - Sticks to Snakes      Tmut           #.......     14%         2    ###....


Dungeon Overview and Level Annotations

Branches:
Dungeon (3/15)

Altars:
Xom


Innate Abilities, Weirdness & Mutations

You cannot wear most types of armour.
You are very stealthy in the water. (Stealth+)
You are amphibious.
You can wear up to eight rings at the same time.
You can use your tentacles to constrict eight enemies at once.
Your skin changes colour to match your surroundings (Stealth+).
Your rubbery body absorbs attacks. (AC +1, EV +1)


Message History

No target in view!
No target in view!
A gnoll opens the door.
A gnoll comes into view. It is wielding a spear.
You see here a ball python corpse.
You butcher the ball python corpse.
The gnoll shouts!
You hear an angry hiss. 2 gnolls and an orc priest come into view.
You see here 3 chunks of flesh.
You see here a scroll labeled MAZILU NAFOA.
The orc priest mumbles some strange prayers to Beogh against you.
Beogh smites you!
An orc comes into view. It is wielding a trident.
The orc priest calls down the wrath of Beogh upon you.
Beogh smites you!
Ouch! That really hurt!
* * * LOW HITPOINT WARNING * * *
The orc priest calls down the wrath of Beogh upon you.
Beogh smites you!
You die...

#.# #######g#######
........o...o.# .# ..
........#####.# #.#..#
######### #.# #.#..# #.#
##.#..##### #.# #.........#
#.# #.........# #@#
#.........# #.# #.........#
#####'####.........#
#.......(..........#
#.........#+#..######
#######.........#.#........
#...............#.#.#######
#.......>..<....#..........
#..[............###.########


You could see an orc priest.

Vanquished Creatures
  5 adders
  An ooze (D:2)
  A worm (D:2)
  2 dart slugs (D:2)
  4 orcs (D:3)
  A ball python (D:3)
  5 goblins
  6 hobgoblins
  8 jackals (D:1)
  6 kobolds
  9 bats
  2 frilled lizards
  5 rats
55 creatures vanquished.

Notes
Turn   | Place    | Note
-------+----------+-------------------------------------------
     0 | D:1      | KleinerIrrer the Octopode Transmuter began the quest for the Orb.
     0 | D:1      | Reached XP level 1. HP: 13/13 MP: 3/3
   215 | D:1      | Reached XP level 2. HP: 18/18 MP: 5/5
   413 | D:1      | Reached skill level 4 in Unarmed Combat
   494 | D:1      | Reached XP level 3. HP: 18/23 MP: 6/6
  1189 | D:2      | Found a shimmering altar of Xom.
  1362 | D:2      | Learned a level 2 spell: Sticks to Snakes
  1414 | D:2      | Reached XP level 4. HP: 22/28 MP: 7/7
  1594 | D:2      | Reached skill level 5 in Unarmed Combat
  2705 | D:3      | Reached XP level 5. HP: 31/33 MP: 8/8
  2779 | D:3      | Killed from afar by an orc priest

Skill      XL: |  1  2  3  4 |
---------------+-------------+-----
Unarmed Combat | 4 5 |  5.5
Fighting       | |  1.0
Dodging        | |  2.0
Spellcasting   | |  2.0
Transmutations | |  2.0

Action                   |  1- 3 |  4- 6 || total
-------------------------+-------+-------++-------
Melee: Unarmed           |    85 |    52 ||   137
       Constrict         |    23 |    13 ||    36
       Tentacles         |    20 |     7 ||    27
       Punch             |     3 |     4 ||     7
  Use: Scroll            |       |     4 ||     4
 Stab: Sleeping          |     5 |     1 ||     6
  Eat: Chunk             |     2 |       ||     2
       Ration            |       |     1 ||     1
Armor: Skin              |    11 |     3 ||    14
Dodge: Dodged            |    55 |    33 ||    88
